 Dungeon Crawl Stone Soup version 0.23.0 (webtiles) character file.

Game seed: 9216284347927933841

91 Borgoz the Chopper (level 4, -6/28 HPs)
             Began as a Gargoyle Gladiator on Feb 9, 2019.
             Mangled by a gnoll
             ... wielding a +0 spear
              (8 damage)
             ... on level 2 of the Dungeon.
             The game lasted 00:01:23 (766 turns).

Borgoz the Chopper (Gargoyle Gladiator)              Turns: 766, Time: 00:01:24

Health: -6/28      AC:  7    Str: 18    XL:     4   Next: 57%
Magic:  4/4        EV: 12    Int:  8    God:
Gold:   48         SH:  0    Dex: 12    Spells: 3/3 levels left

rFire    . . .     SeeInvis .   a - +0 war axe
rCold    . . .     Gourm    .   (no shield)
rNeg     + . .     Faith    .   b - +0 leather armour
rPois    ∞         Spirit   .   c - +0 helmet
rElec    +         Reflect  .   (no cloak)
rCorr    .         Harm     .   (no gloves)
MR       .....                  (no boots)
Stlth    +.........             (no amulet)
HPRegen  0.09/turn              (no ring)
MPRegen  0.09/turn              (no ring)

@: no status effects
A: negative energy resistance 1, electricity resistance, unbreathing,
petrification resistance, rot immunity, AC +3
a: no special abilities


You were on level 2 of the Dungeon.
You were not hungry.

You visited 1 branch of the dungeon, and saw 2 of its levels.

You collected 48 gold pieces.

Inventory:

Hand Weapons
 a - a +0 war axe (weapon)
Missiles
 d - 3 throwing nets (quivered)
 e - 13 poisoned needles
Armour
 b - a +0 leather armour (worn)
 c - a +0 helmet (worn)
Jewellery
 h - an uncursed ring of fire {unknown}
Potions
 g - a potion of haste {unknown}
 j - a potion of curing {unknown}
 k - a potion of magic {unknown}
Comestibles
 f - 4 rations


   Skills:
 + Level 3.2 Fighting
 + Level 3.3 Axes
 - Level 1.7 Throwing
 + Level 1.9 Armour
 + Level 3.0 Dodging


You had 3 spell levels left.
You didn't know any spells.
Your spell library was empty.

Dungeon Overview and Level Annotations

Branches:
Dungeon (2/15)

Altars:


Innate Abilities, Weirdness & Mutations

You are resistant to torment.
Your stone body is resilient. (AC +3)
You are immune to poison.
You resist negative energy. (rN+)
You are resistant to electric shocks. (rElec)
You can survive without breathing.
You are immune to petrification.
You are immune to rotting.


Message History

The gnoll is heavily wounded.
You completely miss the gnoll. The gnoll hits you but does no damage.
The gnoll hits you with a +0 spear.
* * * LOW HITPOINT WARNING * * *
The gnoll hits you.
* * * LOW HITPOINT WARNING * * *
The gnoll hits you but does no damage.
You hit the gnoll.
The gnoll is heavily wounded.
You slash the gnoll!
You kill the gnoll!
Your Dodging skill increases to level 3!
The gnoll hits you but does no damage.
You hit the gnoll but do no damage.
The gnoll is heavily wounded.
The gnoll barely misses you. The gnoll closely misses you.
You hit the gnoll.
The gnoll is severely wounded.
The gnoll hits you with a +0 spear!
You die...

#......† .....#.. #.
####.#.. #.# #..... ###
#.# #.#### ....
#######.## #.#<..
.....##........####.####
........................
......g@)...........####
#######†.......######
#......)## #####
#.....#.# #....
....##.###.######.)..
........ ............
.....##.###.######....
..... ..# #..........÷
.### ### ......##....


You could see a gnoll.

Vanquished Creatures
  3 gnolls (D:2)
  3 adders (D:2)
  A dart slug (D:1)
  A bat (D:2)
  5 giant cockroaches
  3 goblins (D:2)
  5 hobgoblins
  A quokka (D:2)
  A ball python (D:1)
  3 frilled lizards
  3 kobolds
  8 rats
37 creatures vanquished.

Notes
Turn   | Place    | Note
-------+----------+-------------------------------------------
     0 | D:1      | Borgoz the Gargoyle Gladiator began the quest for the Orb.
     0 | D:1      | Reached XP level 1. HP: 12/12 MP: 1/1
    72 | D:1      | Reached XP level 2. HP: 16/18 MP: 2/2
   139 | D:1      | You fall through a shaft!
   145 | D:2      | Reached skill level 1 in Armour
   145 | D:2      | Reached XP level 3. HP: 20/22 MP: 3/3
   574 | D:2      | Reached XP level 4. HP: 17/28 MP: 4/4
   763 | D:2      | HP: 1/28 [gnoll (4)]
   766 | D:2      | Mangled by a gnoll

Skill      XL: |  1  2  3  4 |
---------------+-------------+-----
Axes           | 3 |  3.3
Armour         | 1 |  1.9
Fighting       | 3 |  3.2
Dodging        | 3 |  3.0
Throwing       | |  1.7

Action                   |  1- 3 |  4- 6 || total
-------------------------+-------+-------++-------
Melee: War axe           |   105 |    10 ||   115
 Stab: Sleeping          |     1 |       ||     1
Armor: Leather armour    |    45 |     7 ||    52
Dodge: Dodged            |    72 |    15 ||    87
